 Dungeon Crawl Stone Soup version 0.31-a0-1589-g8f5e8aebd6 (webtiles) character file.

Game seed: 2155681435369910999

31899 jestert79 the Severer (level 13, -3/178 HPs)
             Began as a Hill Orc Fighter on Jan 5, 2024.
             Was an Elder of Beogh.
             Slain by a death scarab (21 damage)
             ... in a Gauntlet.
             The game lasted 00:56:32 (18199 turns).

jestert79 the Severer (Hill Orc Fighter)           Turns: 18199, Time: 00:56:33

Health: -3/178     AC: 25    Str: 32    XL:     13   Next: 61%
Magic:  20/20      EV:  9    Int: 12    God:    Beogh [****..]
Gold:   594        SH:  9    Dex: 10    Spells: 12/12 levels left

rFire   + . .        a - +1 war axe of Salt {holy, Str+6 Int+2}
rCold   + . .        c - +0 buckler
rNeg    . . .        L - +2 plate armour {Will+}
rPois   .            b - +2 hat
rElec   .            V - scarf {rC+ rF+}
rCorr   +            B - +2 pair of gloves
SInv    .            M - +1 pair of boots
Will    ++...        N - amulet of reflection Stlth
                     k - ring of Othrar {Will+ rCorr Str+2 Int+2}
HPRegen 0.49/turn    E - +4 ring of slaying
MPRegen 0.17/turn

%: no teleportation, reflection
@: berserking, slowed, studying Stealth
A: no striking features
a: Renounce Religion, Smiting, Recall Orcish Followers


You were in a Gauntlet.
You worshipped Beogh.
Beogh was greatly pleased with you.
You visited 2 branches of the dungeon, and saw 15 of its levels.
You also visited: Gauntlet.

You collected 1089 gold pieces.
You spent 495 gold pieces at shops.

Inventory:

Hand Weapons
 a - the +1 war axe of Salt (weapon) {holy, Str+6 Int+2}
   (You found it on level 3 of the Dungeon)

   Str+6:     It affects your strength (+6).
   Int+2:     It affects your intelligence (+2).
Missiles
 f - 52 poisoned darts
 r - 16 boomerangs (quivered)
 t - 2 curare-tipped darts
 v - 9 javelins
Armour
 b - a +2 hat (worn)
 c - a +0 buckler (worn)
 p - a scarf of repulsion
 B - a +2 pair of gloves (worn)
 L - a +2 plate armour of willpower (worn)
 M - a +1 pair of boots (worn)
 V - a scarf of resistance (worn)
Jewellery
 k - the ring of Othrar (left hand) {Will+ rCorr Str+2 Int+2}
   (You took it off a kobold on level 7 of the Dungeon)

   [ring of resist corrosion]

   Str+2:     It affects your strength (+2).
   Int+2:     It affects your intelligence (+2).
   Will+:     It increases your willpower.
   rCorr:     It protects you from acid and corrosion.
 C - a ring of willpower
 E - a +4 ring of slaying (right hand)
 G - the ring of Dishonesty {rElec rCorr Str+3}
   (You took it off a deep elf pyromancer on level 7 of the Dungeon)

   [ring of resist corrosion]

   Str+3:     It affects your strength (+3).
   rElec:     It insulates you from electricity.
   rCorr:     It protects you from acid and corrosion.
 N - an amulet of reflection (around neck)
 O - a +4 ring of protection
 S - a ring of poison resistance
Wands
 q - a wand of flame (14)
 s - a wand of charming (18)
 u - a wand of light (1)
 y - a wand of iceblast (8)
 A - a wand of polymorph (8)
 D - a wand of digging (3)
Scrolls
 h - a scroll of immolation
 i - 3 scrolls of amnesia
 m - a scroll of brand weapon
 o - 6 scrolls of teleportation
 w - 2 scrolls of blinking
 z - 3 scrolls of enchant armour
 J - a scroll of silence
 K - 2 scrolls of poison
 Q - a scroll of revelation
 R - a scroll of vulnerability
 U - a scroll of enchant weapon {unknown}
 W - 2 scrolls of fog {unknown}
Potions
 d - 2 potions of might
 e - 5 potions of mutation
 l - 6 potions of curing
 n - 4 potions of attraction
 x - 4 potions of lignification
 F - a potion of invisibility
 T - 2 potions of cancellation {unknown}
Miscellaneous
 H - a lightning rod (4/4)
 I - a sack of spiders
 P - a phial of floods


   Skills:
 + Level 12.5 Fighting
 - Level 16.0 Axes
 + Level 5.2 Throwing
 + Level 11.5 Armour
 + Level 4.0 Dodging
 - Level 3.2 Shields
 + Level 10.3 Invocations
 + Level 7.5 Evocations


You had 12 spell levels left.
You didn't know any spells.
Your spell library contained the following spells:

 Spells                   Type           Power      Damage    Failure   Level
 Slow                     Hex            0%         N/A       92%         1
 Lesser Beckoning         Tloc           0%         N/A       98%         2
 Mercury Vapours          Alch/Air       0%         N/A       98%         2
 Sublimation of Blood     Necr           0%         N/A       98%         2
 Call Canine Familiar     Summ           0%         N/A       100%        3
 Confusing Touch          Hex            0%         N/A       100%        3
 Gell's Gravitas          Tloc           0%         N/A       100%        3
 Hailstorm                Conj/Ice       0%         3d5       100%        3
 Mephitic Cloud           Conj/Alch/Air  0%         N/A       100%        3
 Sigil of Binding         Hex            0%         N/A       100%        3
 Summon Ice Beast         Ice/Summ       0%         N/A       100%        3
 Teleport Other           Tloc           0%         N/A       100%        3
 Vampiric Draining        Necr           0%         2d6       100%        3
 Cause Fear               Hex            0%         N/A       100%        4
 Dimensional Bullseye     Hex/Tloc       0%         N/A       100%        4
 Petrify                  Alch/Erth      0%         N/A       100%        4
 Fireball                 Conj/Fire      0%         3d3       100%        5
 Freezing Cloud           Conj/Ice/Air   0%         6-21      100%        5
 Irradiate                Conj/Alch      0%         3d11      100%        5
 Sculpt Simulacrum        Ice/Alch       0%         N/A       100%        6
 Dragon's Call            Summ           0%         N/A       100%        9


Dungeon Overview and Level Annotations

Branches:
Dungeon (10/15)            Temple (0/1) D:4            Lair (5/5) D:9
 Shoals (0/4) Lair:2       Spider (0/4) Lair:2        Slime (0/5) Lair:5
    Orc (0/2) D:10        Gauntlet (1/1)

Altars:
Ashenzari
Cheibriados
Gozag
Makhleb
Sif Muna
Trog
Uskayaw
Vehumet
Zin

Shops:
D:6 *

Portals:
Trove: D:10 (give horn of Geryon)

Annotations:
D:4 2 transporters, MrSquiggles's ghost, amateur MiFi Gauntlet 11 transporters


Message History

You hit the death scarab.
The death scarab convulses.
The death scarab bites you but does no damage.
The death scarab bites you!!
* * * LOW HITPOINT WARNING * * *
The death scarab drains your vigour!
You feel yourself slow down.
The death scarab draws strength from your injuries!
The death scarab barely misses you.
Unknown command.
Unknown command.
The death scarab bites you!
* * * LOW HITPOINT WARNING * * *
The death scarab drains your vigour!
You feel as though you will be slow longer.
The death scarab draws strength from your injuries!
The death scarab bites you!
* * * LOW HITPOINT WARNING * * *
The death scarab drains your vigour!
You feel as though you will be slow longer.
The death scarab draws strength from your injuries!
You feel much better. You block the death scarab's attack.
The death scarab bites you!
* * * LOW HITPOINT WARNING * * *
The death scarab draws strength from your injuries!
Unknown command.
Unknown command.
Unknown command.
Unknown command.
A red film seems to cover your vision as you go berserk!
You feel yourself moving faster!
You feel mighty! The death scarab bites you.
* * * LOW HITPOINT WARNING * * *
The death scarab drains your vigour!
You feel as though you will be slow longer.
The death scarab draws strength from your injuries!
You block the death scarab's attack. The death scarab bites you!
* * * LOW HITPOINT WARNING * * *
The death scarab draws strength from your injuries!
You completely miss the death scarab.
The death scarab is heavily damaged.
The death scarab bites you!!
You die...

#8#..###########...########
###..#.........#...#.......
#....#..##.##..#...#.#^...^
###....#.#..#..#$#...#..## ##
#8#..###.#..#..#.#...#[.##.##
###..#©#..#####.©#...#©.#.©.#
#..#o#.#)Z#..#?#...#(.##.##
###..#o#.#BB#..#[#...#(.##.##
#8#..#.#..##@##..#...#.#^...^
#######..#.#.........#...#.uu....
#........#.###########...########
#........#.#...........≈.§.......
...#######.#######....≈8≈§...####
...#©...........©#.....§.....#©..
######################...########
?.#.©[.ww#§#....©....#...#^....##
...#.....#≈#...#.#...#...#D^###.#


You could see a spectral death yak, 2 death scarabs, the friendly Zorug the orc
priest and a friendly orc wizard.

Vanquished Creatures
  Gastronok (D:8)
  2 two-headed ogres
  2 boulder beetles (D:7)
  6 death yaks
  Urug (Lair:3)
  A spectral death yak (Gauntlet)
  A skyshark (Lair:4)
  An orb spider (Lair:2)
  A deep elf pyromancer (D:7)
  A cyclops (D:7)
  2 moths of wrath (Gauntlet)
  5 black mambas
  A gargoyle (D:7)
  6 cane toads
  5 komodo dragons
  3 rime drakes
  2 kobold demonologists (D:10)
  3 trolls
  2 merfolk (Lair:2)
  Grinder (D:4)
  A polar bear (Lair:3)
  10 blink frogs
  3 wyverns
  14 yaks
  A wraith (D:7)
  3 basilisks
  3 steam dragons
  2 acid dragons
  13 water moccasins
  An orc warrior (D:9)
  2 ice beasts (D:7)
  2 black bears
  20 wolves
  6 centaurs
  2 ogres
  A phantom (D:5)
  5 kobold brigands
  10 bullfrogs
  2 gnoll sergeants
  2 scorpions
  3 wights
  3 killer bees
  5 howler monkeys
  4 bombardier beetles
  2 jellies
  3 hounds
  2 orc priests
  A gnoll bouda (D:4)
  2 sleepcaps
  6 iguanas
  6 orc wizards
  2 hell rats
  15 gnolls
  7 adders
  A river rat (D:9)
  A shadow imp (D:5)
  2 white imps
  2 ribbon worms
  6 dart slugs
  23 orcs
  5 ball pythons
  4 endoplasms
  3 giant cockroaches
  9 goblins
  6 hobgoblins
  2 quokkas (D:1)
  6 bats
  3 frilled lizards
  18 kobolds
  5 rats
  A butterfly (Lair:4)
308 creatures vanquished.

Vanquished Creatures (collateral kills)
  A cane toad (Lair:2)
  A komodo dragon (Lair:2)
  An efreet (D:10)
  A polar bear (Lair:2)
  A merfolk (Lair:2)
  2 blink frogs (Lair:2)
  A hornet (D:8)
  A wyvern (Lair:2)
  4 water moccasins
  An ice beast (D:8)
  A black bear (Lair:2)
  2 wolves (Lair:2)
  A centaur (Lair:2)
  A bullfrog (Lair:1)
  A killer bee (D:9)
  3 orc priests
  An orc wizard (D:9)
  7 orcs
  A kobold (D:10)
  A rat (D:9)
33 creatures vanquished.

Vanquished Creatures (others)
  An orc knight (Lair:2)
  3 orc warriors
  7 orc priests
  An adder (D:4)
  9 orcs
21 creatures vanquished.

Grand Total: 362 creatures vanquished

Notes
Turn   | Place    | Note
-------+----------+-------------------------------------------
     0 | D:1      | jestert79 the Hill Orc Fighter began the quest for the Orb.
     0 | D:1      | Reached XP level 1. HP: 19/19 MP: 1/1
    51 | D:1      | Reached skill level 3 in Axes
   194 | D:1      | Reached XP level 2. HP: 26/26 MP: 2/2
   318 | D:1      | Reached skill level 4 in Axes
   943 | D:2      | Reached XP level 3. HP: 29/31 MP: 3/3
  1091 | D:2      | Reached skill level 5 in Axes
  1225 | D:2      | Reached XP level 4. HP: 11/39 MP: 4/4
  1675 | D:2      | Reached skill level 6 in Axes
  1751 | D:3      | Became a worshipper of Beogh the Brigand
  1757 | D:3      | Reached XP level 5. HP: 25/45 MP: 5/5
  1928 | D:3      | Identified the +1 war axe of Salt {holy, Str+6 Int+2}
  2050 | D:3      | Reached skill level 7 in Axes
  2072 | D:3      | Found a glowing silver altar of Zin.
  2510 | D:4      | Reached * piety under Beogh
  2554 | D:4      | Reached skill level 1 in Throwing
  2554 | D:4      | Reached XP level 6. HP: 45/51 MP: 6/6
  2572 | D:4      | Reached skill level 8 in Axes
  2837 | D:4      | Found a transporter.
  2840 | D:4      | Noticed MrSquiggles's ghost (amateur MiFi)
  2844 | D:4      | Found a broken altar of Ashenzari.
  2845 | D:4      | Found a shimmering blue altar of Sif Muna.
  2845 | D:4      | Found a transporter.
  2847 | D:4      | Noticed a black bear
  2848 | D:4      | Noticed Grinder
  3113 | D:4      | Reached XP level 7. HP: 52/57 MP: 7/7
  3206 | D:4      | Reached skill level 9 in Axes
  3393 | D:4      | Killed Grinder
  3394 | D:4      | Reached skill level 10 in Axes
  3511 | D:4      | Found a staircase to the Ecumenical Temple.
  3718 | D:5      | Entered Level 5 of the Dungeon
  3921 | D:5      | Reached skill level 11 in Axes
  3921 | D:5      | Reached XP level 8. HP: 64/64 MP: 8/8
  3980 | D:5      | Reached ** piety under Beogh
  4933 | D:6      | Found Wirukle's General Store.
  4952 | D:6      | Bought a scroll of identify for 22 gold pieces
  4952 | D:6      | Bought a potion of curing for 33 gold pieces
  5003 | D:6      | Reached skill level 12 in Axes
  5078 | D:6      | You fall into a shaft and drop 3 floors!
  5092 | D:9      | Reached skill level 5 in Fighting
  5092 | D:9      | Reached skill level 1 in Invocations
  5164 | D:9      | Reached XP level 9. HP: 32/74 MP: 10/10
  5302 | D:7      | Reached skill level 5 in Armour
  5734 | D:6      | Found a snail-covered altar of Cheibriados.
  6479 | D:7      | Noticed a boulder beetle
  6494 | D:7      | Killed a boulder beetle
  6495 | D:7      | Reached skill level 13 in Axes
  7112 | D:7      | Found a burning altar of Makhleb.
  7113 | D:7      | Found an opulent altar of Gozag.
  7114 | D:7      | Found a radiant altar of Vehumet.
  7114 | D:7      | Found a hide-covered altar of Uskayaw.
  7133 | D:7      | Noticed a boulder beetle
  7134 | D:7      | Identified the +5 ring mail of the Orb {rElec Stlth+}
  7134 | D:7      | Identified the ring of Othrar {Will+ rCorr Str+2 Int+2}
  7135 | D:7      | Noticed a two-headed ogre
  7140 | D:7      | Killed a boulder beetle
  7141 | D:7      | Reached skill level 14 in Axes
  7141 | D:7      | Reached XP level 10. HP: 88/88 MP: 8/12
  7315 | D:7      | Reached *** piety under Beogh
  7407 | D:7      | Killed a two-headed ogre
  7458 | D:7      | Identified the ring of Dishonesty {rElec rCorr Str+3}
  7458 | D:7      | Noticed a deep elf pyromancer
  7467 | D:7      | Killed a deep elf pyromancer
  7766 | D:7      | Identified the +2 dagger "Dada Vul" {venom, rC+ rN+}
  7790 | D:7      | Noticed a cyclops
  7801 | D:7      | Killed a cyclops
  7802 | D:7      | Reached skill level 1 in Evocations
  7823 | D:7      | Reached skill level 15 in Axes
  8131 | D:7      | Noticed a gargoyle
  8141 | D:7      | Killed a gargoyle
  8347 | D:7      | Reached XP level 11. HP: 87/93 MP: 14/14
  8480 | D:8      | Noticed Gastronok
  8651 | D:8      | Killed Gastronok
  8652 | D:8      | Reached skill level 5 in Invocations
 10056 | D:9      | Noticed a death yak
 10078 | D:9      | Noticed a death yak
 10081 | D:9      | Noticed a death yak
 10129 | D:8      | Killed a death yak
 10207 | D:9      | Found a staircase to the Lair.
 10398 | D:9      | Killed a death yak
 10399 | D:9      | Reached skill level 10 in Fighting
 10547 | D:9      | Killed a death yak
 10547 | D:9      | Reached **** piety under Beogh
 10809 | D:6      | Bought a +2 plate armour of willpower for 440 gold pieces
 10940 | D:10     | Entered Level 10 of the Dungeon
 10960 | D:10     | Identified the +1 leather armour of the Hall of Blades
                  | {Rampage Dex+3 SInv}
 10985 | D:10     | Found a staircase to the Orcish Mines.
 11201 | D:10     | Found a portal to a secret trove of treasure.
 11334 | D:10     | Found a bloodstained altar of Trog.
 11396 | D:10     | Noticed a two-headed ogre
 11401 | D:10     | Killed a two-headed ogre
 11480 | D:10     | Noticed a soul eater
 11633 | Lair:1   | Entered Level 1 of the Lair of Beasts
 11726 | Lair:1   | Reached XP level 12. HP: 107/107 MP: 17/17
 11736 | Lair:1   | Reached skill level 16 in Axes
 12882 | Lair:2   | Reached skill level 5 in Evocations
 13187 | Lair:2   | Reached skill level 10 in Armour
 13521 | Lair:2   | Reached skill level 5 in Throwing
 13742 | Lair:2   | Found a burning altar of Makhleb.
 14001 | Lair:2   | Found a staircase to the Shoals.
 14061 | Lair:2   | Found a hole to the Spider Nest.
 14173 | Lair:2   | Reached skill level 1 in Dodging
 14368 | Lair:3   | Noticed Urug
 15204 | Lair:3   | Killed Urug
 15821 | Lair:4   | Noticed a death yak
 15821 | Lair:4   | Noticed a death yak
 15822 | Lair:4   | Noticed a death yak
 15837 | Lair:3   | Killed a death yak
 15838 | Lair:3   | Reached XP level 13. HP: 96/117 MP: 19/19
 16823 | Lair:4   | Reached skill level 10 in Invocations
 17349 | Lair:5   | Entered Level 5 of the Lair of Beasts
 17457 | Lair:5   | Found a gate leading to a gauntlet.
 17467 | Gauntlet | Entered a Gauntlet
 17467 | Gauntlet | Found a transporter.
 17467 | Gauntlet | Found a transporter.
 17525 | Gauntlet | Found a transporter.
 17526 | Gauntlet | Found a transporter.
 17533 | Gauntlet | Found a transporter.
 17577 | Gauntlet | Found a transporter.
 17590 | Gauntlet | Found a transporter.
 17606 | Gauntlet | Found a transporter.
 17619 | Gauntlet | Found a transporter.
 17622 | Gauntlet | Found a transporter.
 17623 | Gauntlet | Noticed a great orb of eyes
 17709 | Gauntlet | Found a transporter.
 17725 | Gauntlet | Found a transporter.
 17736 | Gauntlet | Found a transporter.
 17753 | Gauntlet | Found a transporter.
 17836 | Gauntlet | Found a transporter.
 17846 | Gauntlet | Found a transporter.
 18133 | Gauntlet | Gained Zorug as an ally
 18199 | Gauntlet | Slain by a death scarab

Illustrated notes

Levels and vault maps discovered:
D:1:      dpeg_arrival_water_temple_mockup, layout_basic
D:2:      layout_loops_cross, nicolae_the_louvre
D:3:      layout_rooms, zin_scriptorium, minmay_misc_feat_diagonals,
          minmay_diced_spiral
D:4:      layout_loops_ring, mainiacjoe_overflow_catwalk_spiral,
          minmay_temple_entry_offerings, gammafunk_ghost_mausoleum,
          serial_bayou_ford_a, kennysheep_nondescript, minmay_manual_monolith,
          uniq_grinder
D:5:      layout_gridville, chequers_big_river
D:6:      layout_cave_pods, slow_altar_1, serial_shops, nicolae_diamond_shop,
          grunt_decor_junction
D:7:      minmay_the_grid_octo_2x2 [minmay_the_grid_octo_checkerflower,
          minmay_the_grid_octo_chip, minmay_the_grid_octo_shrine,
          minmay_the_grid_octo_prize_ultimate_mussel_roller], layout_gridville
D:8:      layout_layer_cave, uniq_gastronok
D:9:      layout_rooms, dpeg_lair_monsters
D:10:     layout_basic, trog_book, hiddenorc1_lemuel, trove_entry_hex_spiral
Lair:1:   layout_layer_cave, serial_bayou_pond_b
Lair:2:   layout_regular_city, mainiacjoe_shoals_entry_four_pools,
          nicolae_spider_entry_orb_guardian, lemuel_centaur_altar
Lair:3:   layout_regular_city, uniq_urug
Lair:4:   layout_regular_city, grunt_megastairs_5, lemuel_fruit_tree,
          lemuel_fruit_fields, lemuel_fruit_fields
Lair:5:   evil_forest, layout_misc_corridors, dpeg_slime_entry_corner,
          gauntlet_entry_generic, chequers_serial_rivers_small_b
Gauntlet: gammafunk_gauntlet_branching [gammafunk_gauntlet_arena_grid,
          gammafunk_gauntlet_arena_crates, nicolae_gauntlet_swirl,
          nicolae_gauntlet_arena_t_cross, gammafunk_gauntlet_arena_spirals,
          gammafunk_gauntlet_arena_corners, nicolae_gauntlet_arena_quarters,
          nicolae_gauntlet_arena_blocks, dreamdust_gauntlet_exit_labyrinth]

Skill      XL: |  1  2  3  4  5  6  7  8  9 10 11 12 13 |
---------------+----------------------------------------+-----
Axes           | 3 4 5 6 7 8 11 12 14 15 16 | 16.0
Throwing       | 1 2 3 4 5 |  5.2
Fighting       | 5 7 9 10 11 12 | 12.5
Armour         | 4 7 8 9 10 11 | 11.5
Invocations    | 1 3 4 6 9 10 | 10.3
Evocations     | 2 4 6 7 |  7.5
Dodging        | 2 4 |  4.0
Shields        | |  3.2

Action                     |  1- 3 |  4- 6 |  7- 9 | 10-12 | 13-15 || total
---------------------------+-------+-------+-------+-------+-------++-------
  Melee: War axe           |    86 |   144 |   212 |   415 |   178 ||  1035
  Throw: Dart              |       |     2 |     5 |    21 |     2 ||    30
         Javelin           |       |       |     2 |     4 |       ||     6
         Boomerang         |       |       |       |    23 |    12 ||    35
 Invoke: Convert to Beogh  |       |     1 |       |       |       ||     1
         Smiting           |       |       |     1 |     5 |     3 ||     9
         Recall Orcish Fol |       |       |       |     2 |       ||     2
  Evoke: Wand              |       |     2 |     4 |     7 |     1 ||    14
         Lightning rod     |       |       |       |     4 |       ||     4
         Sack of spiders   |       |       |       |     1 |       ||     1
    Use: Scroll            |       |       |    10 |     8 |     2 ||    20
         Potion            |       |       |     2 |     1 |     3 ||     6
   Stab: Invisible         |       |       |     1 |       |       ||     1
         Distracted        |       |       |       |     5 |       ||     5
 Armour: Chain mail        |    67 |   100 |   121 |   127 |       ||   415
         Plate armour      |       |       |       |   137 |   129 ||   266
  Dodge: Dodged            |    33 |    43 |    53 |   128 |    48 ||   305
         Repelled          |       |     1 |       |     1 |       ||     2
  Block: Buckler           |    17 |    32 |    49 |   101 |    81 ||   280
         Reflection        |       |       |       |     5 |     1 ||     6

Table legend: (Time is in decaauts)
 A = Elapsed time spent in this place.
 B = Non-inter-level travel time spent in this place.
 C = Inter-level travel time spent in this place.
 D = Time resting spent in this place.
 E = Time spent auto-exploring this place.
 F = Levels seen in this place.
 G = Mean time per level.
                   A        B        C        D        E       F      G
               +--------+--------+--------+--------+--------+-----+--------+
         Total |  18140 |  16900 |   1240 |   3730 |   8558 |  16 | 1133.8 |
       Dungeon |  11647 |  10663 |    984 |   1850 |   5827 |  10 | 1164.7 |
          Lair |   5766 |   5510 |    256 |   1644 |   2560 |   5 | 1153.2 |
      Gauntlet |    726 |    726 |      0 |    235 |    170 |   1 |  726.0 |
               +--------+--------+--------+--------+--------+-----+--------+

Top non-repeatable levels by time:
     D:7: 2176 daAuts
  Lair:2: 1854 daAuts
     D:8: 1517 daAuts
  Lair:4: 1442 daAuts
     D:5: 1273 daAuts
     D:6: 1257 daAuts
  Lair:1: 1202 daAuts
     D:4: 1201 daAuts
  Lair:3: 1155 daAuts
     D:9: 941 daAuts
     D:2: 938 daAuts
     D:3: 852 daAuts
     D:1: 828 daAuts
Gauntlet: 726 daAuts
    D:10: 659 daAuts
